 Dungeon Crawl Stone Soup version 0.30-a0-540-g0af01429fa (webtiles) character file.

Game seed: 14707220242599331134

6887 Shayle the Fighter (level 11, 0/76 HPs)
             Began as a Tengu Brigand on Dec 26, 2022.
             Was a Believer of Wu Jian.
             Slain by a centaur warrior
             ... wielding a +0 rapier
              (7 damage)
             ... on level 9 of the Dungeon.
             The game lasted 00:29:09 (8633 turns).

Shayle the Fighter (Tengu Brigand)                  Turns: 8633, Time: 00:29:09

Health: 0/76       AC:  6    Str: 13    XL:     11   Next: 6%
Magic:  12/12      EV: 21    Int: 11    God:    Wu Jian [**....]
Gold:   392        SH:  9    Dex: 19    Spells: 10/10 levels left

rFire   + . .      SeeInvis .    y - +1 short sword (drain)
rCold   + . .      Faith    .    v - +0 buckler
rNeg    . . .      Spirit   .    i - +2 leather armour {rPois}
rPois   +          Reflect  +    (helmet restricted)
rElec   .          Harm     .    c - +0 cloak
rCorr   .          Rampage  .    (no gloves)
Will    .....                    (boots unavailable)
Stlth   ++++                     P - amulet of reflection
HPRegen 0.32/turn                I - ring of protection from fire
MPRegen 0.13/turn                D - ring of protection from cold

@: flying quickly and evasively, quick
A: beak, talons 3, nimble flight
a: Renounce Religion, Wall Jump


You were on level 9 of the Dungeon.
You worshipped Wu Jian.
Wu Jian was pleased with you.
You visited 2 branches of the dungeon, and saw 10 of its levels.
You also visited: Sewer.

You collected 392 gold pieces.

Inventory:

Hand Weapons
 a - a +2 dagger
 j - a +2 dagger of electrocution
 s - a +0 short sword of venom
 y - a +1 short sword of draining (weapon)
 z - a +1 spear of venom
 J - a +4 antimagic hand axe
 K - a +6 trident of pain
 Q - the +4 whip "Rangoim" {vorpal, rC+ rCorr}
   (You found it on level 9 of the Dungeon)

   It inflicts extra damage upon your enemies.
   rC:        It protects you from cold.
   rCorr:     It protects you from acid and corrosion.
Missiles
 d - 27 poisoned darts
 p - 2 curare-tipped darts (quivered)
Armour
 b - a +0 robe
 c - a +0 cloak (worn)
 e - a +1 robe of fire resistance
 i - a +2 leather armour of poison resistance (worn)
 v - a +0 buckler (worn)
 A - +0 steam dragon scales
 G - a +0 troll leather armour
Jewellery
 g - an amulet of magic regeneration
 n - a ring of resist corrosion
 D - a ring of protection from cold (right hand)
 F - a +4 ring of protection
 I - a ring of protection from fire (left hand)
 M - a +6 ring of intelligence
 P - an amulet of reflection (around neck)
Wands
 l - a wand of mindburst (4)
Scrolls
 f - a scroll of teleportation
 o - a scroll of noise
 r - 2 scrolls of blinking
 w - 3 scrolls of immolation
 B - a scroll of summoning
Potions
 h - 2 potions of cancellation {unknown}
 k - a potion of curing
 q - 2 potions of resistance {unknown}
 t - a potion of lignification {unknown}
 u - 2 potions of invisibility
 x - a potion of magic {unknown}
 C - a potion of ambrosia {unknown}
 E - 4 potions of flight
 H - 2 potions of attraction {unknown}
 L - 2 potions of degeneration {unknown}
 N - a potion of mutation {unknown}
 O - a potion of brilliance {unknown}


   Skills:
 + Level 11.9 Fighting
 - Level 2.1 Short Blades
 - Level 2.0 Throwing
 + Level 10.9 Dodging
 - Level 8.0 Stealth


You had 10 spell levels left.
You didn't know any spells.
Your spell library contained the following spells:

 Spells                   Type           Power      Damage    Failure   Level
 Blink                    Tloc           0%         N/A       67%         2
 Momentum Strike          Conj/Tloc      0%         3d8       67%         2
 Gell's Gravitas          Tloc           0%         N/A       88%         3
 Lesser Beckoning         Tloc           0%         N/A       88%         3
 Teleport Other           Tloc           0%         N/A       88%         3


Dungeon Overview and Level Annotations

Branches:
Dungeon (9/15)             Temple (1/1) D:4           Sewer (visited)
   Lair: D:8-11         Orc: D:9-12

Altars:
Cheibriados
Dithmenos
Elyvilon
Fedhas
Gozag
Hepliaklqana
Makhleb
Uskayaw
Vehumet
Wu Jian
Yredelemnul
The Shining One

Shops:
D:3 *   D:6 (   D:7 **


Innate Abilities, Weirdness & Mutations

You have a beak for a mouth.
You have claws for feet.
Your magical nature lets you fly swiftly and evasively.


Message History

The centaur warrior is heavily wounded.
You block the centaur warrior's attack.
The centaur warrior kicks you but does no damage.
You block the centaur warrior's attack.
The centaur warrior completely misses you.
You hit the centaur warrior but do no damage.
You drain the centaur warrior. You claw the centaur warrior.
The centaur warrior is severely wounded.
The centaur warrior closely misses you. You block the centaur warrior's attack.
You closely miss the centaur warrior. Your kick misses the centaur warrior.
The centaur warrior is severely wounded.
The centaur warrior barely misses you. You block the centaur warrior's attack.
The centaur warrior hits you with a +0 rapier.
You block the centaur warrior's attack.
You hit the centaur warrior. You claw the centaur warrior.
You peck the centaur warrior, but do no damage.
The centaur warrior is severely wounded.
The centaur warrior hits you with a +0 rapier.
You block the centaur warrior's attack.
Throw: 3 darts (curare)
Press: ? - help, Q - select action, (/) - cycle Shift-Dir - straight line, f - centaur warrior
Aim: a centaur warrior, wielding a +0 rapier (severely wounded, lightly drained, 73% to hit)
You throw a curare-tipped dart.
The curare-tipped dart hits the centaur warrior.
The centaur warrior is poisoned.
The centaur warrior convulses.
The centaur warrior seems to slow down.
The centaur warrior is almost dead.
The centaur warrior hits you with a +0 rapier!
* * * LOW HITPOINT WARNING * * *
The centaur warrior kicks you but does no damage.
You hit the centaur warrior. You peck the centaur warrior.
The centaur warrior is almost dead.
The centaur warrior hits you with a +0 rapier!
* * * LOW HITPOINT WARNING * * *
You block the centaur warrior's attack.
You hit the centaur warrior but do no damage.
You claw the centaur warrior, but do no damage.
The centaur warrior is almost dead.
The centaur warrior hits you with a +0 rapier!
You die...

....#...P.#######...........'..
.P# ##..........#...#########..
##.....[.##.#.. .........8 .
........##.# .#. ...8..... .
.....#....#.# .# h....$.. .
....#.#....#.# .# #..!!?. T
....#.#....#.# .# +...|.. . ..#
#.#..g.#.##.# #...... . ..
#......c@.#


#y8cyy. .########......#### #..y#ยง# ..)g)......)........ #yyy#..
##########...####### #..c#.. .....# #...#.. ####### #####.. ... ... ... You
could see a centaur warrior (very poisoned, slow, drained) and a gnoll.

Vanquished Creatures
  A hydra (D:9)
  2 two-headed ogres
  5 trolls
  Prince Ribbit (D:6)
  Sigmund (D:2)
  A vampire (D:8)
  2 steam dragons (D:8)
  4 sky beasts
  3 ice beasts
  An orc warrior (D:8)
  2 black bears
  2 ogres
  2 kobold brigands
  2 phantoms (D:5)
  3 bullfrogs
  Blork the orc (D:6)
  2 necrophages
  3 scorpions
  2 gnoll sergeants
  A killer bee (D:9)
  2 orc priests
  5 hounds
  6 jellies
  Ijyb (D:4)
  Terence (D:2)
  6 iguanas
  3 orc wizards
  10 gnolls
  5 adders
  3 river rats (D:3)
  A shadow imp (D:7)
  3 white imps
  3 ufetubi (D:5)
  4 worms
  19 orcs
  9 ball pythons
  5 bats
  13 endoplasms
  4 giant cockroaches
  9 goblins
  3 hobgoblins
  5 jackals (D:1)
  12 kobolds
  3 quokkas
  6 frilled lizards
  14 rats
196 creatures vanquished.

Vanquished Creatures (collateral kills)
  Menkaure (D:6)
  A black bear (D:6)
  2 hounds (D:6)
4 creatures vanquished.

Vanquished Creatures (others)
  A centaur (D:9)
  9 plants (D:9)
10 creatures vanquished.

Grand Total: 210 creatures vanquished

Notes
Turn   | Place    | Note
-------+----------+-------------------------------------------
     0 | D:1      | Shayle the Tengu Brigand began the quest for the Orb.
     0 | D:1      | Reached XP level 1. HP: 12/12 MP: 2/2
   227 | D:1      | Reached XP level 2. HP: 14/18 MP: 3/3
   438 | D:1      | Reached XP level 3. HP: 19/22 MP: 4/4
   948 | D:2      | Noticed Sigmund
   971 | D:2      | Killed Sigmund
   972 | D:2      | Reached skill level 4 in Fighting
   972 | D:2      | Reached skill level 5 in Stealth
   972 | D:2      | Reached XP level 4. HP: 22/29 MP: 5/5
   972 | D:2      | Gained mutation: Your magical nature lets you fly swiftly
                  | and evasively. [Tengu growth]
   972 | D:2      | Reached XP level 5. HP: 25/33 MP: 6/6
  1259 | D:2      | Noticed Terence
  1265 | D:2      | Killed Terence
  1266 | D:2      | Reached XP level 6. HP: 39/39 MP: 7/7
  1269 | D:2      | Found a faded altar of an unknown god.
  1652 | D:3      | Found a glowing drain.
  1659 | Sewer    | Entered a sewer
  2023 | Sewer    | Reached skill level 5 in Fighting
  2067 | Sewer    | Found a viscous altar of Jiyva.
  2282 | D:3      | Reached XP level 7. HP: 43/44 MP: 8/8
  2425 | D:3      | Found Fapihizesk's General Store.
  2983 | D:4      | Found a basalt altar of Yredelemnul.
  3016 | D:4      | Found a shadowy altar of Dithmenos.
  3019 | D:4      | Noticed Ijyb
  3022 | D:4      | Killed Ijyb
  3192 | D:4      | Found a white marble altar of Elyvilon.
  3302 | D:4      | Reached skill level 6 in Fighting
  3349 | D:4      | Found a staircase to the Ecumenical Temple.
  3357 | Temple   | Entered the Ecumenical Temple
  3362 | Temple   | Became a worshipper of the Wu Jian Council
  3679 | D:5      | Entered Level 5 of the Dungeon
  3877 | D:5      | Reached XP level 8. HP: 41/52 MP: 9/9
  4229 | D:5      | Found a snail-covered altar of Cheibriados.
  4464 | D:5      | Reached skill level 7 in Fighting
  4955 | D:6      | Found Dykk's Antique Weapon Shoppe.
  4955 | D:6      | Noticed Blork the orc
  5260 | D:6      | Killed Blork the orc
  5321 | D:6      | Reached skill level 8 in Fighting
  5382 | D:6      | Reached skill level 5 in Dodging
  5384 | D:6      | Reached XP level 9. HP: 59/59 MP: 10/10
  5486 | D:6      | Noticed Prince Ribbit
  5493 | D:6      | Killed Prince Ribbit
  5641 | D:6      | Noticed Menkaure
  5643 | D:6      | Found a burning altar of Makhleb.
  5658 | D:6      | Reached * piety under Wu Jian
  5668 | D:6      | Killed Menkaure
  5848 | D:7      | Reached skill level 9 in Fighting
  5954 | D:7      | Found Waozionk's Specific Store.
  5958 | D:7      | Found Nimujeetse's General Store.
  6172 | D:7      | Noticed a troll
  6186 | D:7      | Killed a troll
  6249 | D:7      | Found the +18 Lear's hauberk
  6438 | D:7      | Found a glowing golden altar of the Shining One.
  6494 | D:7      | Found a blossoming altar of Fedhas.
  6586 | D:7      | Found a hide-covered altar of Uskayaw.
  6699 | D:8      | Noticed a two-headed ogre
  6709 | D:8      | Killed a two-headed ogre
  6710 | D:8      | Reached skill level 10 in Fighting
  6710 | D:8      | Reached XP level 10. HP: 68/68 MP: 11/11
  6761 | D:8      | Found an opulent altar of Gozag.
  7169 | D:8      | Reached ** piety under Wu Jian
  7428 | D:9      | Noticed a two-headed ogre
  7449 | D:9      | Killed a two-headed ogre
  7450 | D:9      | Reached skill level 11 in Fighting
  7566 | D:9      | Reached skill level 10 in Dodging
  7599 | D:9      | Identified the +4 whip "Rangoim" {vorpal, rC+ rCorr}
  7671 | D:9      | Noticed a skeletal warrior
  7689 | D:9      | Noticed a centaur warrior
  8028 | D:9      | Identified the +0 leather armour of Gluttony {rF+ rC-
                  | Int+2}
  8031 | D:9      | Noticed a five-headed hydra
  8049 | D:9      | Killed a five-headed hydra
  8225 | D:9      | Reached XP level 11. HP: 18/76 MP: 12/12
  8633 | D:9      | Slain by a centaur warrior

Illustrated notes

Levels and vault maps discovered:
D:1:      amcnicky_arrival_gap_in_the_tavern_cellar, layout_rooms,
          hangedman_decor_push, hangedman_decor_clover_reticule
D:2:      kennysheep_big_flooded_room, layout_loops_cross,
          hellmonk_ecumenical_altar_blasted, uniq_sigmund, uniq_terence
D:3:      layout_rooms, serial_shops, shop, gup_sewer_entry_bubbles
D:4:      layout_loops_cross, kennysheep_ying_yang,
          nicolae_dithmenos_the_darkroom, minmay_temple_entry_junction_2,
          uniq_ijyb
D:5:      layout_layer_cave, amcnicky_altar_gilded, minmay_starry_boxes
D:6:      layout_gridville, makhleb_heckhound_becter, serial_shops,
          nicolae_lakefront_shop, uniq_prince_ribbit1, uniq_blork_the_orc,
          uniq_menkaure
D:7:      layout_cave_pools, fedhas_altar_2, nicolae_uskayaw_suspiria,
          mainiacjoe_overflow_surrounded_room, grunt_decor_mini_mirrors,
          grunt_ministairs_13, nicolae_specific_store,
          hellmonk_guarded_unrand_lears
D:8:      layout_cave_pools, mainiacjoe_overflow_paths, serial_glass,
          glass_columns_a, glass_columns_a, glass_columns_a, glass_columns_a,
          item_on_display_a, due_unseen_surprise, minmay_strange_pillars,
          feat_on_display, st_stairs_12, nzn_life_drinkers
D:9:      kennysheep_blocky_room, layout_basic, kiku_gazebo_pond_becter,
          hellmonk_guarded_unrand_vines
Temple:   hellmonk_temple_of_storms

Skill      XL: |  1  2  3  4  5  6  7  8  9 10 |
---------------+-------------------------------+-----
Fighting       | 4 5 6 8 10 11 | 11.9
Stealth        | 5 6 8 |  8.0
Dodging        | 5 8 10 | 10.9
Short Blades   | |  2.1
Throwing       | |  2.0

Action                   |  1- 3 |  4- 6 |  7- 9 | 10-12 || total
-------------------------+-------+-------+-------+-------++-------
Melee: Dagger            |    56 |   104 |   110 |    89 ||   359
       Kick              |    19 |    25 |    89 |    58 ||   191
       Peck              |     9 |    20 |    56 |    32 ||   117
       Short sword       |       |       |   173 |    48 ||   221
       Whip              |       |       |       |     8 ||     8
Throw: Dart              |    15 |    11 |    12 |     6 ||    44
Invok: Lunge             |       |       |    22 |    10 ||    32
       Whirlwind         |       |       |    13 |     9 ||    22
Evoke: Wand              |       |       |     3 |    13 ||    16
  Use: Potion            |       |     1 |     1 |     5 ||     7
       Scroll            |       |       |    13 |     4 ||    17
 Stab: Sleeping          |     3 |    17 |    25 |     5 ||    50
       Distracted        |       |       |     3 |       ||     3
       Invisible         |       |       |     4 |       ||     4
Armor: Robe              |    14 |     6 |    18 |       ||    38
       Troll leather arm |       |       |    12 |    15 ||    27
       Leather armour    |       |       |       |    16 ||    16
Dodge: Dodged            |    35 |    47 |   156 |   142 ||   380
Block: Buckler           |       |       |    41 |    82 ||   123
       Reflection        |       |       |       |     2 ||     2

Table legend: (Time is in decaauts)
 A = Elapsed time spent in this place.
 B = Non-inter-level travel time spent in this place.
 C = Inter-level travel time spent in this place.
 D = Time resting spent in this place.
 E = Time spent auto-exploring this place.
 F = Levels seen in this place.
 G = Mean time per level.
                   A        B        C        D        E       F      G
               +--------+--------+--------+--------+--------+-----+--------+
         Total |   8125 |   7736 |    389 |   1928 |   3486 |  11 |  738.6 |
       Dungeon |   7587 |   7198 |    389 |   1661 |   3447 |   9 |  843.0 |
        Temple |     10 |     10 |      0 |      0 |      0 |   1 |   10.0 |
         Sewer |    528 |    528 |      0 |    267 |     39 |   1 |  528.0 |
               +--------+--------+--------+--------+--------+-----+--------+

Top non-repeatable levels by time:
     D:5: 1296 daAuts
     D:8: 1012 daAuts
     D:4: 955 daAuts
     D:2: 854 daAuts
     D:6: 822 daAuts
     D:7: 815 daAuts
     D:1: 667 daAuts
     D:3: 585 daAuts
     D:9: 578 daAuts
   Sewer: 528 daAuts
  Temple: 10 daAuts
